 Dungeon Crawl Stone Soup version bcrawl-1.18.1 (webtiles) character file.

Game seed: 17774190962906895236

52 Revguard the Ducker (level 3, -1/28 HPs)
             Began as a Demigod Archaeologist on Nov 7, 2019.
             Slain by a goblin (3 damage)
             ... led by Robin
             ... on level 2 of the Dungeon.
             The game lasted 00:06:42 (1032 turns).

Revguard the Ducker (Demigod Archaeologist)         Turns: 1032, Time: 00:06:42

Health: -1/28      AC: 13    Str: 15    XL:     3   Next: 60%
Magic:  6/6        EV:  8    Int: 18    God:    Demigod [*.....]
Gold:   105        SH:  0    Dex: 17    Spells: 2/2 levels left

rFire    . . .     SeeInvis .   a - +0 whip
rCold    . . .     Gourm    .   (no shield)
rNeg     . . .     Faith    .   t - +0 chain mail
rPois    .         Spirit   .   c - +1 hat
rElec    .         Reflect  .   (no cloak)
rCorr    .         Harm     .   i - +1 pair of gloves
MR       .....                  d - +1 pair of boots
Stlth    ..........             (no amulet)
HPRegen  0.09/turn              (no ring)
MPRegen  0.10/turn              (no ring)

@: hasted (expiring), studying Armour, very quick
A: high mp 1
a: Temporal Distortion


You were on level 2 of the Dungeon.
You worshipped Demigod.
Demigod was aware of your devotion.
You were hungry.

You visited 1 branch of the dungeon, and saw 2 of its levels.

You collected 105 gold pieces.

Inventory:

Hand Weapons
 a - a +0 whip (weapon)
Armour
 b - a +1 robe
 c - a +1 hat (worn)
 d - a +1 pair of boots (worn)
 i - a +1 pair of gloves (worn)
 q - a +0 leather armour
 t - a +0 chain mail (worn)
Scrolls
 k - 3 scrolls of noise
 l - 2 scrolls of identify
 m - a scroll of blinking
 n - a scroll of teleportation {unknown}
 o - a scroll of fear {unknown}
 p - a scroll of immolation {unknown}
 s - a scroll of amnesia {unknown}
Books
 e - a manual of Armour
Miscellaneous
 f - an ancient crate
Comestibles
 g - 6 rations {!d}


   Skills:
 * Level 1.5 Fighting
 + Level 1.3 Maces & Flails
 * Level 1.1 Armour
 + Level 3.3 Dodging
 - Level 3.0 Stealth
 * Level 1.2 Invocations


You had 2 spell levels left.
You didn't know any spells.
Your spell library was empty.

Dungeon Overview and Level Annotations

Branches:
Dungeon (2/12)

Annotations:
D:2 Robin


Innate Abilities, Weirdness & Mutations

You have an increased reservoir of magic. (+10% MP)


Message History

You barely miss the goblin.
The goblin is moderately wounded.
The goblin barely misses you. The goblin hits you with a +4 dagger.
* * * LOW HITPOINT WARNING * * *
You completely miss the goblin.
The goblin is moderately wounded.
The goblin hits you.
* * * LOW HITPOINT WARNING * * *
You aren't carrying any potions.
As you read the scroll labeled WAFFEDWIUPP, it crumbles to dust.
You hear a loud clanging noise!
It was a scroll of noise.
You hear a shout! x2; You hear an angry hiss.
The goblin barely misses you.
As you read the scroll labeled DUZIR VESISORA, it crumbles to dust.
It is a scroll of identify.
m - a scroll of blinking The goblin hits you.
You die...
Your divinity fades.

.........# # #.##.#
####.###.#.##.##..#.#
.........#........#.#
####.##### #....# #.#
#)#..##
#(###########.#gg.#
#............g#)g.#
#############g##.g##
#@##...# #g##g).#
#.###..# #.# #.)# #.#
##.# ###### #.. ...
.....# #.# ##..
.....# #.. .>#
.....################
#.#


You could see Robin and 2 goblins.

Vanquished Creatures
  An ooze (D:1)
  2 worms (D:2)
  A dart slug (D:1)
  A leopard gecko (D:1)
  2 ball pythons (D:1)
  4 bats
  5 hobgoblins (D:2)
  2 jackals (D:1)
  A frilled lizard (D:1)
  11 goblins
  A kobold (D:1)
  4 rats
35 creatures vanquished.

Notes
Turn   | Place    | Note
-------+----------+-------------------------------------------
     0 | D:1      | Revguard the Demigod Archaeologist began the quest for the
                  | Orb.
     0 | D:1      | Reached XP level 1. HP: 15/15 MP: 3/3
    81 | D:1      | Reached skill level 1 in Fighting
   122 | D:1      | Reached XP level 2. HP: 23/23 MP: 4/4
   564 | D:1      | Reached skill level 1 in Maces & Flails
   633 | D:2      | Noticed an ogre
   703 | D:2      | Reached XP level 3. HP: 28/28 MP: 5/5
   807 | D:2      | Reached skill level 1 in Armour
   870 | D:2      | Reached skill level 1 in Invocations
   962 | D:2      | Noticed Robin
   968 | D:2      | Reached * piety under Demigod
  1032 | D:2      | Slain by a goblin

Skill      XL: |  1  2  3 |
---------------+----------+-----
Dodging        | 3 |  3.3
Fighting       | 1 |  1.5
Maces & Flails | 1 |  1.3
Armour         | 1 |  1.1
Invocations    | 1 |  1.2
Stealth        | |  3.0

Action                   || total
-------------------------++-------
Melee: Whip              ||   155
  Use: Potion            ||     3
       Scroll            ||     2
 Stab: Sleeping          ||     1
Armor: Robe              ||    27
       Chain mail        ||    90
       Leather armour    ||     4
Dodge: Dodged            ||   122
